 Dungeon Crawl Stone Soup version 0.30-a0-422-g946f4849ff (webtiles) character file.

Game seed: 6001351977604075086

9121 ragingrage the Severer (level 11, -27/94 HPs)
             Began as a Hill Orc Monk on Dec 8, 2022.
             Was a Priest of Qazlal.
             Annihilated by a minotaur
             ... wielding a +4 falchion of holy wrath
              (29 damage)
             ... in a Gauntlet.
             The game lasted 00:18:04 (13819 turns).

ragingrage the Severer (Hill Orc Monk)             Turns: 13819, Time: 00:18:05

Health: -27/94     AC: 11    Str: 25    XL:     11   Next: 41%
Magic:  0/17       EV: 12    Int: 10    God:    Qazlal [***...]
Gold:   433        SH:  4    Dex: 13    Spells: 8/10 levels left

rFire   . . .      SeeInvis +    a - +1 hand axe (venom)
rCold   . . .      Faith    .    (no shield)
rNeg    . . .      Spirit   +    K - +0 acid dragon scales
rPois   +          Reflect  .    E - +0 helmet
rElec   .          Harm     .    B - +0 cloak {rPois}
rCorr   +          Rampage  .    (no gloves)
Will    .....      NoTele   +    M - +0 pair of boots
Stlth   +.........               j - amulet of guardian spirit
HPRegen 0.35/turn                h - +6 ring of strength
MPRegen 0.15/turn                P - ring of see invisible

@: slowed, very slow
A: no striking features
a: Renounce Religion, Upheaval, Elemental Force


You were in a Gauntlet.
You worshipped Qazlal.
Qazlal was most pleased with you.
You visited 3 branches of the dungeon, and saw 15 of its levels.
You also visited: Gauntlet.

You collected 622 gold pieces.
You spent 189 gold pieces at shops.

Inventory:

Hand Weapons
 a - a +1 hand axe of venom (weapon)
 b - the +8 sling "Deakhli" {vorpal, Dex+4}
   (You found it on level 6 of the Dungeon)

   Any ammunition fired from it inflicts extra damage upon your enemies.
   Dex:       It affects your dexterity (+4).
 y - a +0 war axe
Missiles
 N - 6 poisoned darts (quivered)
Armour
 B - a +0 cloak of poison resistance (worn)
 E - a +0 helmet (worn)
 F - a +2 robe of positive energy
 K - +0 acid dragon scales (worn)
 M - a +0 pair of boots (worn)
Jewellery
 h - a +6 ring of strength (left hand)
 j - an amulet of guardian spirit (around neck)
 s - a ring of fire
 H - a ring of fire
 I - a ring of ice
 P - a ring of see invisible (right hand)
 Q - a +6 ring of intelligence
Wands
 t - a wand of roots (10)
 w - a wand of mindburst (3)
 A - a wand of flame (6)
Scrolls
 k - 5 scrolls of fog
 m - 2 scrolls of identify
 n - 5 scrolls of magic mapping
 o - 2 scrolls of teleportation
 p - 2 scrolls of enchant armour
 v - 3 scrolls of vulnerability
 x - 4 scrolls of poison
 J - 5 scrolls of amnesia
 O - a scroll of brand weapon {unknown}
Potions
 c - 2 potions of ambrosia
 d - 2 potions of might
 f - a potion of flight {unknown}
 g - 3 potions of lignification
 i - 2 potions of invisibility
 q - 2 potions of heal wounds
 r - 2 potions of brilliance
 u - a potion of magic {unknown}
 z - a potion of berserk rage {unknown}
 C - 4 potions of curing
 G - a potion of mutation {unknown}
 L - a potion of resistance {unknown}


   Skills:
 * Level 7.8 Fighting
 - Level 16.0 Axes
 + Level 5.5 Armour
 + Level 3.1 Dodging
 - Level 1.5 Stealth
 + Level 5.0 Transmutations
 + Level 8.9 Invocations


You had 8 spell levels left.
You knew the following spells:

 Your Spells              Type           Power      Damage    Failure   Level
a - Wereblood             Tmut           10%        N/A       9%          2

Your spell library contained the following spells:

 Spells                   Type           Power      Damage    Failure   Level
 Beastly Appendage        Tmut           20%        N/A       6%          1
 Spider Form              Tmut/Pois      5%         N/A       43%         3
 Cigotuvi's Dreadful Rot  Necr/Pois/Air  0%         N/A       56%         2
 Poisonous Vapours        Pois/Air       0%         N/A       56%         2
 Inner Flame              Hex/Fire       0%         N/A       80%         3
 Mephitic Cloud           Conj/Pois/Air  0%         N/A       80%         3
 Animate Dead             Necr           0%         N/A       99%         4
 Flame Wave               Conj/Fire      0%         2d4       99%         4
 Sticky Flame             Conj/Fire      0%         2d3       99%         4
 Borgnjor's Vile Clutch   Necr/Erth      0%         N/A       100%        5
 Death Channel            Necr           0%         N/A       100%        6


Dungeon Overview and Level Annotations

Branches:
Dungeon (11/15)            Temple (1/1) D:5            Lair (2/5) D:8
    Orc (0/2) D:10        Gauntlet (1/1)
  Swamp: Lair:2-3    Shoals: Lair:2-3     Snake: Lair:2-3    Spider: Lair:2-3

Altars:
Ashenzari
Cheibriados
Dithmenos
Elyvilon
Fedhas
Gozag
Hepliaklqana
Kikubaaqudgha
Makhleb
Nemelex Xobeh
Okawaru
Qazlal
Ru
Sif Muna
Trog
Uskayaw
Vehumet
Wu Jian
Xom
Yredelemnul
Zin
The Shining One

Shops:
D:1 [[?:?   D:3 :   D:4 ?   D:6 *?

Annotations:
D:1 exclusion: goblin
D:8 3 runed translucent doors, Joey1's ghost, novice MiFi
D:10 exclusion: door Gauntlet 9 transporters, 1 runed translucent door, exclusions: ice statue and obsidian statue


Message History

The minotaur hits you with a +4 falchion of holy wrath!
The minotaur gores you but does no damage.
You swap places.
The minotaur hits your large abomination with a +4 falchion of holy wrath!!
Your large abomination convulses!!
Your large abomination is destroyed!
Your large abomination dissolves into shadows!
You hit the torpor snail.
The torpor snail is poisoned.
The torpor snail is lightly wounded.
The minotaur hits your ice devil with a +4 falchion of holy wrath!!
Your ice devil convulses!!
The minotaur gores your ice devil!
Your ice devil dies!
Your ice devil dissolves into shadows!
You hit the torpor snail but do no damage.
The torpor snail looks as sick as possible!
The torpor snail is lightly wounded.
The torpor snail bites you!
Your steam dragon bites the torpor snail but does no damage.
Your steam dragon claws the torpor snail.
Blink to where?
Press: ? - help, Dir - move target, p - minotaur
As you read the scroll labelled ZANODD SABASK, it crumbles to dust.
It was a scroll of blinking.
The minotaur hits your steam dragon with a +4 falchion of holy wrath!!!
Your steam dragon dies!
Your steam dragon's corpse dissolves into shadows!
The torpor snail briefly extends its eye-stalks.
You feel yourself speed up.
Being near the torpor snail leaves you feeling lethargic.
The air fills with toxic fumes!
As you read the scroll of poison, it crumbles to dust.
The minotaur attacks as you move away!
The minotaur hits you with a +4 falchion of holy wrath!!!
* * * LOW HITPOINT WARNING * * *
The minotaur gores you but does no damage.
Found a cloak.
Found a gate leading back out of this place.
The minotaur is engulfed in poison gas.
The minotaur is poisoned.
The minotaur hits you with a +4 falchion of holy wrath!!
You die...

..8#...#...# ##
..©#.8.#...##....#
..8#.⌠.#.8.##.##§#
####.8.#.©....##§#
.?.#...#§8.##.##§# #
.#.#...#§§.##...§#§# ≈#
P..#.8.#.8§##.##§#§#.≈≈#
.#.#.∩.#(©.§§.##§§§..∩≈#
P..#.8.#.8.##§##@#
.⌠.#...#.©.##§§H§#
..k#...#.8.##.##§#
####.8.#(©.w§.##§#
..8#.⌠.#.8§##.##§#
..©#.8.#§§.##...§#
..8#...#§..#######
####...#≈≈≈#
#.##..###≈##


You could see a minotaur (strong, poisoned) and a torpor snail (summoned, very
poisoned).

Vanquished Creatures
  A necromancer (Gauntlet)
  A moth of wrath (Gauntlet)
  A cyclops (D:8)
  3 elephants (Lair:1)
  A cane toad (Lair:2)
  Sigmund (D:2)
  A shadow (D:9)
  2 wyverns (D:10)
  3 steam dragons
  A wraith (D:10)
  3 water moccasins (Lair:1)
  2 black bears
  2 ice beasts
  6 orc warriors
  A sky beast (D:7)
  11 wolves (Gauntlet)
  An ogre (D:5)
  A centaur (D:9)
  2 kobold brigands
  3 necrophages
  6 bullfrogs
  6 killer bees (D:9)
  4 hounds
  9 orc priests
  Jessica (D:2)
  5 iguanas
  14 orc wizards
  6 adders
  3 white imps
  3 worms
  5 dart slugs
  29 orcs
  9 endoplasms
  5 giant cockroaches
  9 goblins
  5 hobgoblins
  3 quokkas
  5 ball pythons
  7 bats
  3 frilled lizards (D:2)
  13 kobolds
  6 rats
203 creatures vanquished.

Vanquished Creatures (collateral kills)
  A two-headed ogre (D:10)
  A troll (D:9)
  An acid dragon (D:9)
3 creatures vanquished.

Vanquished Creatures (others)
  2 fungi (Lair:1)
2 creatures vanquished.

Grand Total: 208 creatures vanquished

Notes
Turn   | Place    | Note
-------+----------+-------------------------------------------
     0 | D:1      | ragingrage the Hill Orc Monk began the quest for the Orb.
     0 | D:1      | Reached XP level 1. HP: 19/19 MP: 1/1
   165 | D:1      | Reached XP level 2. HP: 20/26 MP: 2/2
   222 | D:1      | Found Ullit's Armour Shoppe.
   254 | D:1      | Reached skill level 5 in Axes
   303 | D:1      | Found Kupaol's Armour Shop.
   320 | D:1      | Found Gepseen's Book Boutique.
   356 | D:1      | Found Cyd Qico's Magic Scroll Shop.
   402 | D:1      | Found a faded altar of an unknown god.
   579 | D:2      | Reached XP level 3. HP: 31/31 MP: 3/3
   586 | D:2      | Noticed Sigmund
   634 | D:1      | Found Boukkocw's Magic Scroll Boutique.
   928 | D:2      | Reached skill level 6 in Axes
  1274 | D:3      | Reached XP level 4. HP: 22/39 MP: 2/4
  1427 | D:3      | Found Ylesi's Book Shop.
  2067 | D:4      | Reached skill level 7 in Axes
  2186 | D:4      | Reached XP level 5. HP: 44/45 MP: 5/5
  2340 | D:4      | Found a sacrificial altar of Ru.
  2358 | D:4      | Found a shadowy altar of Dithmenos.
  2555 | D:4      | Found Nicveeky's Magic Scroll Boutique.
  2908 | D:5      | Entered Level 5 of the Dungeon
  2915 | D:5      | Reached skill level 8 in Axes
  3234 | D:5      | Reached XP level 6. HP: 41/51 MP: 6/6
  3325 | D:5      | Reached skill level 9 in Axes
  3605 | D:5      | Reached skill level 10 in Axes
  3605 | D:5      | Reached XP level 7. HP: 55/57 MP: 5/7
  3897 | D:5      | Found a staircase to the Ecumenical Temple.
  4123 | Temple   | Entered the Ecumenical Temple
  4176 | Temple   | Became a worshipper of Qazlal Stormbringer
  4176 | Temple   | Reached * piety under Qazlal
  4176 | Temple   | Reached ** piety under Qazlal
  4193 | D:5      | Reached skill level 11 in Axes
  4338 | D:6      | Noticed a steam dragon
  4346 | D:6      | Killed a steam dragon
  4357 | D:6      | Found an ornate altar of the Wu Jian Council.
  4359 | D:6      | Found a radiant altar of Vehumet.
  4359 | D:6      | Found a white marble altar of Elyvilon.
  4360 | D:6      | Found a sparkling altar of Nemelex Xobeh.
  4464 | D:6      | Reached skill level 12 in Axes
  4464 | D:6      | Reached XP level 8. HP: 61/64 MP: 8/8
  4628 | D:6      | Found Ycadd's Magic Scroll Shop.
  4632 | D:6      | Bought a scroll of teleportation for 33 gold pieces
  4807 | D:6      | Identified the +8 sling "Deakhli" {vorpal, Dex+4}
  5135 | D:6      | Found Gonobou's Elemental Accessories.
  5146 | D:6      | Bought a wand of flame (6) for 63 gold pieces
  5348 | D:1      | Bought a +0 cloak of poison resistance for 93 gold pieces
  5553 | D:2      | Noticed Jessica
  5554 | D:2      | Killed Jessica
  5555 | D:2      | Reached skill level 13 in Axes
  6195 | D:2      | Killed Sigmund
  6614 | D:7      | Reached skill level 14 in Axes
  6828 | D:7      | Reached XP level 9. HP: 68/70 MP: 7/9
  6857 | D:7      | Reached *** piety under Qazlal
  6858 | D:7      | Reached skill level 15 in Axes
  6892 | D:7      | Learned a level 2 spell: Wereblood
  7278 | D:7      | Reached skill level 1 in Transmutations
  7355 | D:8      | Found a staircase to the Lair.
  8070 | D:8      | Found a runed translucent gate.
  8070 | D:8      | Found a runed translucent gate.
  8070 | D:8      | Found a runed translucent gate.
  8074 | D:8      | Noticed Joey1's ghost (novice MiFi)
  8699 | D:9      | Noticed a troll
  8725 | D:9      | Killed a troll
  8728 | D:9      | Reached skill level 16 in Axes
  8905 | D:9      | Reached skill level 1 in Invocations
  9182 | D:9      | Reached skill level 1 in Armour
  9417 | D:9      | Reached XP level 10. HP: 65/80 MP: 9/12
  9868 | D:10     | Entered Level 10 of the Dungeon
  9877 | D:10     | Found a staircase to the Orcish Mines.
 10195 | D:10     | Noticed a two-headed ogre
 10236 | D:10     | Killed a two-headed ogre
 10237 | D:10     | Reached skill level 5 in Fighting
 10237 | D:10     | Reached skill level 5 in Invocations
 10724 | Lair:1   | Entered Level 1 of the Lair of Beasts
 11042 | Lair:1   | Noticed an elephant
 11642 | Lair:1   | Killed an elephant
 11720 | Lair:1   | Noticed an elephant
 11720 | Lair:1   | Noticed an elephant
 11755 | Lair:1   | Killed an elephant
 11843 | Lair:1   | Killed an elephant
 12109 | Lair:2   | Noticed a black mamba
 12109 | Lair:2   | Noticed a cane toad
 12161 | Lair:2   | Killed a cane toad
 12162 | Lair:2   | Reached XP level 11. HP: 67/91 MP: 10/17
 12612 | D:8      | Noticed a cyclops
 12625 | D:8      | Killed a cyclops
 12626 | D:8      | Reached skill level 5 in Armour
 13377 | D:11     | You fall into a shaft and drop 3 floors!
 13377 | D:14     | Found a gate leading to a gauntlet.
 13380 | Gauntlet | Entered a Gauntlet
 13380 | Gauntlet | Noticed a necromancer
 13380 | Gauntlet | Found a transporter.
 13380 | Gauntlet | Found a runed translucent door.
 13387 | Gauntlet | Found a runed translucent door.
 13389 | Gauntlet | Found a transporter.
 13392 | Gauntlet | Found a transporter.
 13393 | Gauntlet | Found a transporter.
 13398 | Gauntlet | Noticed a moth of wrath
 13402 | Gauntlet | Found a transporter.
 13404 | Gauntlet | Found a transporter.
 13405 | Gauntlet | Found a transporter.
 13414 | Gauntlet | Found a transporter.
 13417 | Gauntlet | Found a transporter.
 13418 | Gauntlet | Found a transporter.
 13426 | Gauntlet | Found a transporter.
 13429 | Gauntlet | Found a transporter.
 13430 | Gauntlet | Found a transporter.
 13441 | Gauntlet | Found a transporter.
 13449 | Gauntlet | Noticed an obsidian statue
 13542 | Gauntlet | Killed a necromancer
 13637 | Gauntlet | Reached skill level 5 in Transmutations
 13643 | Gauntlet | Killed a moth of wrath
 13792 | Gauntlet | Noticed a minotaur
 13819 | Gauntlet | HP: 1/94 [minotaur/+4 falchion of holy wrath (35)]
 13819 | Gauntlet | Annihilated by a minotaur

Illustrated notes

Levels and vault maps discovered:
D:1:      lordsloth_arrival_two_stooges, layout_basic,
          shapermc_ecumenical_altar_totnotflames, serial_shops,
          nicolae_shop_behind_doors, shop, nicolae_shop_statue_plus, shop,
          nicolae_shop_hallway_plus
D:2:      minmay_skewed_foursquare, layout_rooms, uniq_jessica, uniq_sigmund
D:3:      layout_basic, serial_shops, shop_fountains, fountainhead
D:4:      layout_cave_pools, mainiacjoe_overflow_catwalk_spiral, serial_shops,
          nicolae_shop_hallway_stairs, chequers_serial_rivers_room_b,
          kennysheep_path_1
D:5:      layout_loops_ring, minmay_temple_entry_glass
D:6:      layout_basic, grunt_temple_overflow_open, serial_shops,
          nicolae_diamond_shop, minivault_1, nicolae_elemental_shop
D:7:      layout_gridville
D:8:      layout_basic, lair_entry_dummy, ebering_ghost_rock_garden
D:9:      layout_basic
D:10:     layout_rooms, orc_0_dummy, minmay_fractal_squares_gapless_7
D:11:     layout_roguey, minmay_shop_enchanted_jewellery, uniq_harold,
          uniq_fannar, uniq_josephine
D:14:     layout_irregular_city, hangedman_decor_opposing,
          gauntlet_entry_generic
Temple:   nicolae_temple_x_marks_the_god
Lair:1:   layout_gridlike
Lair:2:   layout_cave_shapes, nicolae_swamp_entry_splash_gauntlet,
          minmay_snake_entry_guardpost_large, kennysheep_rathole
Gauntlet: gammafunk_gauntlet_77_escape_option [minmay_gauntlet_arena_77_cramped,
          minmay_gauntlet_arena_77_checkered, minmay_gauntlet_arena_77_museum,
          minmay_gauntlet_arena_77_block_sizes,
          minmay_gauntlet_arena_77_double_cross, gauntlet_exit_watery]

Skill      XL: |  1  2  3  4  5  6  7  8  9 10 11 |
---------------+----------------------------------+-----
Axes           | 5 6 7 8 10 12 14 16 | 16.0
Transmutations | 3 4 5 |  5.0
Invocations    | 3 8 |  8.9
Armour         | 1 4 5 |  5.5
Fighting       | 4 6 7 |  7.8
Dodging        | 3 |  3.1
Stealth        | |  1.5

Action                   |  1- 3 |  4- 6 |  7- 9 | 10-12 || total
-------------------------+-------+-------+-------+-------++-------
Melee: Hand axe          |   115 |    21 |   126 |   283 ||   545
       War axe           |       |   120 |    78 |       ||   198
       Punch             |       |     2 |     2 |     5 ||     9
 Fire: Sling             |       |       |    78 |    55 ||   133
Throw: Javelin           |       |     2 |     3 |     1 ||     6
       Dart              |       |       |       |     1 ||     1
Invok: Elemental Force   |       |       |     1 |     2 ||     3
Evoke: Wand              |       |       |       |     1 ||     1
  Use: Scroll            |     2 |     2 |     6 |     6 ||    16
       Potion            |       |     1 |       |       ||     1
 Stab: Sleeping          |     2 |       |       |       ||     2
Armor: Robe              |    11 |       |       |       ||    11
       Ring mail         |    21 |    50 |     8 |       ||    79
       Steam dragon scal |       |       |    40 |       ||    40
       Acid dragon scale |       |       |    15 |    82 ||    97
Dodge: Dodged            |    74 |    76 |    85 |    86 ||   321
Block: Other             |       |       |    14 |    32 ||    46

Table legend: (Time is in decaauts)
 A = Elapsed time spent in this place.
 B = Non-inter-level travel time spent in this place.
 C = Inter-level travel time spent in this place.
 D = Time resting spent in this place.
 E = Time spent auto-exploring this place.
 F = Levels seen in this place.
 G = Mean time per level.
                   A        B        C        D        E       F      G
               +--------+--------+--------+--------+--------+-----+--------+
         Total |  13712 |  12647 |   1065 |   3200 |   6987 |  16 |  857.0 |
       Dungeon |  11786 |  10792 |    994 |   2562 |   6190 |  12 |  982.2 |
        Temple |     57 |     57 |      0 |      0 |     41 |   1 |   57.0 |
          Lair |   1461 |   1391 |     70 |    520 |    638 |   2 |  730.5 |
      Gauntlet |    407 |    407 |      0 |    117 |    118 |   1 |  407.0 |
               +--------+--------+--------+--------+--------+-----+--------+

Top non-repeatable levels by time:
     D:9: 1803 daAuts
     D:8: 1768 daAuts
  Lair:1: 1444 daAuts
     D:3: 1406 daAuts
     D:5: 1210 daAuts
     D:2: 1125 daAuts
     D:7: 1067 daAuts
     D:6: 923 daAuts
     D:1: 840 daAuts
     D:4: 836 daAuts
    D:10: 779 daAuts
Gauntlet: 407 daAuts
  Temple: 57 daAuts
    D:11: 20 daAuts
  Lair:2: 16 daAuts
